 Dungeon Crawl Stone Soup version 0.26-a0-663-g36e8fdb655 (webtiles) character file.

Game seed: 885795687521268629

128 heikuro the Skirmisher (level 5, -7/42 HPs)
             Began as a Formicid Abyssal Knight on Oct 11, 2020.
             Was a Believer of Lugonu.
             Killed by nerve-wracking pain
             ... invoked by Grinder
              (10 damage)
             ... on level 3 of the Dungeon.
             The game lasted 00:05:05 (2730 turns).

heikuro the Skirmisher (Formicid Abyssal Knight)    Turns: 2730, Time: 00:05:06

Health: -7/42      AC:  5    Str: 18    XL:     5   Next: 34%
Magic:  7/7        EV: 10    Int: 11    God:    Lugonu [**....]
Gold:   133        SH:  0    Dex: 10    Spells: 4/4 levels left

rFire    . . .     SeeInvis +   a - +1 spear
rCold    . . .     Faith    .   (no shield)
rNeg     . . .     Spirit   .   i - +0 ring mail (curse)
rPois    .         Reflect  .   (helmet unavailable)
rElec    .         Harm     .   (no cloak)
rCorr    .         Rampage  .   (no gloves)
MR       .....                  (no boots)
Stlth    ..........             (no amulet)
HPRegen  0.14/turn              (no ring)
MPRegen  0.10/turn              (no ring)

@: no status effects
A: permanent stasis, dig shafts and tunnels, four strong arms, antennae 3
a: Dig, Shaft Self, Depart the Abyss, Bend Space, Renounce Religion


You were on level 3 of the Dungeon.
You worshipped Lugonu.
Lugonu was pleased with you.
You visited 1 branch of the dungeon, and saw 3 of its levels.
You visited the Abyss 1 time.

You collected 133 gold pieces.

Inventory:

Hand Weapons
 a - a +1 spear (weapon)
Missiles
 b - 37 stones (quivered)
 t - 14 sling bullets
Armour
 i - a cursed +0 ring mail (worn)
Jewellery
 f - a +4 ring of slaying {unknown}
 k - a +6 ring of strength {unknown}
 n - a +4 ring of evasion
Wands
 r - a wand of polymorph (3)
Scrolls
 c - 7 scrolls of identify {unknown}
 d - a scroll of amnesia {unknown}
 e - a scroll of teleportation {unknown}
 g - a scroll of immolation {unknown}
 h - a scroll of fog {unknown}
 j - a scroll of remove curse {unknown}
 l - 3 scrolls of magic mapping {unknown}
Potions
 m - a potion of stabbing {unknown}
 o - a potion of lignification {unknown}
 p - a potion of curing {unknown}
 q - a potion of degeneration {unknown}
 s - a potion of heal wounds {unknown}


   Skills:
 + Level 4.0 Fighting
 * Level 3.5 Polearms
 + Level 3.1 Armour
 - Level 1.0 Dodging
 + Level 3.2 Invocations


You had 4 spell levels left.
You didn't know any spells.
Your spell library contained the following spells:

 Spells                   Type           Power        Failure   Level
 Confusing Touch          Hex            #.......     88%         3
 Gell's Gravitas          Tloc           #.........   88%         3
 Petrify                  Tmut/Erth      #.......     99%         4
 Metabolic Englaciation   Hex/Ice        #.........   100%        5
 Yara's Violent Unravell  Hex/Tmut       #.........   100%        5


Dungeon Overview and Level Annotations

Branches:
Dungeon (3/15)

Altars:
Gozag

Annotations:
D:3 Grinder


Innate Abilities, Weirdness & Mutations

You cannot be hasted, slowed, berserked, paralysed or teleported.
You can dig through walls and to a lower floor.
Your four strong arms can wield two-handed weapons with a shield.
You have a pair of large antennae on your head. (SInv)


Message History

Grinder is heavily wounded.
Grinder misses you.
You closely miss Grinder.
Grinder is heavily wounded.
Grinder hits you!
* * * LOW HITPOINT WARNING * * *
You writhe in agony.
* * * LOW HITPOINT WARNING * * *
You barely miss Grinder.
Grinder is heavily wounded.
Grinder hits you.
* * * LOW HITPOINT WARNING * * *
You writhe in agony.
* * * LOW HITPOINT WARNING * * *
Unknown command.
Okay, then.
Grinder blinks!
Grinder gestures at you. Pain shoots through your body!
You die...

......... ........#
########### .........#
#.........# .........#
#.........# ........#
#.........#
........###.........#
#.###)##..........#
#.#ยง#(##..5......<#
##.###(.....@......#
..#.....)#########.......
.......(###### #.......#
#.###.(......# #.......#
.............# #.......#
.....(.......# #.......#
....5#.......# #.......#
....(#.......# .......
.............#


You could see Grinder.

Vanquished Creatures
  5 adders (D:2)
  A gnoll (D:1)
  A worm (D:2)
  2 dart slugs
  4 leopard geckos
  An orc (D:3)
  5 bats
  3 giant cockroaches
  6 goblins
  6 hobgoblins
  6 jackals
  5 frilled lizards
  7 kobolds
  7 rats
59 creatures vanquished.

Notes
Turn   | Place    | Note
-------+----------+-------------------------------------------
     0 | Abyss:1  | heikuro the Formicid Abyssal Knight began the quest for the
                  | Orb.
     0 | Abyss:1  | Reached XP level 1. HP: 18/18 MP: 2/2
    40 | Abyss:1  | Found a hazy altar of Hepliaklqana.
    44 | Abyss:1  | Found a corrupted altar of Lugonu.
    85 | Abyss:1  | Noticed a large abomination
    86 | Abyss:1  | Noticed a thrashing horror
    87 | D:1      | Escaped the Abyss
   254 | D:1      | Reached skill level 1 in Dodging
   259 | D:1      | Reached XP level 2. HP: 22/24 MP: 3/3
   369 | D:1      | Reached XP level 3. HP: 22/29 MP: 4/4
   454 | D:1      | Reached * piety under Lugonu
   993 | D:2      | Reached XP level 4. HP: 36/37 MP: 6/6
  1317 | D:2      | Reached ** piety under Lugonu
  1453 | D:2      | Found an opulent altar of Gozag.
  1494 | D:2      | Reached XP level 5. HP: 42/42 MP: 7/7
  1793 | D:3      | Noticed Grinder
  2103 | D:2      | Reached skill level 4 in Fighting
  2726 | D:3      | HP: 2/42 [Grinder (1)]
  2730 | D:3      | Killed from afar by Grinder

Illustrated notes

Levels and vault maps discovered:
D:1:      minmay_arrival_jagged, layout_basic
D:2:      layout_basic, lemuel_round_altar
D:3:      layout_rooms, lemuel_round_altar, feat_on_display, uniq_grinder

Skill      XL: |  1  2  3  4  5 |
---------------+----------------+-----
Dodging        | 1 |  1.0
Polearms       | 3 |  3.5
Invocations    | 3 |  3.2
Armour         | 3 |  3.1
Fighting       | 4 |  4.0

Action                   |  1- 3 |  4- 6 || total
-------------------------+-------+-------++-------
Melee: Spear             |    74 |   181 ||   255
Throw: Stone             |     3 |     6 ||     9
       Dart              |       |    36 ||    36
Invok: Depart the Abyss  |     1 |       ||     1
Armor: Ring mail         |    12 |    57 ||    69
Dodge: Dodged            |    27 |    77 ||   104

Table legend: (Time is in decaauts)
 A = Elapsed time spent in this place.
 B = Non-inter-level travel time spent in this place.
 C = Inter-level travel time spent in this place.
 D = Time resting spent in this place.
 E = Time spent auto-exploring this place.
 F = Levels seen in this place.
 G = Mean time per level.
                   A        B        C        D        E       F      G
               +--------+--------+--------+--------+--------+-----+--------+
         Total |   2722 |   2505 |    217 |    874 |    998 |   4 |  680.5 |
       Dungeon |   2635 |   2418 |    217 |    874 |    916 |   3 |  878.3 |
         Abyss |     87 |     87 |      0 |      0 |     82 |   1 |   87.0 |
               +--------+--------+--------+--------+--------+-----+--------+

Top non-repeatable levels by time:
     D:2: 1492 daAuts
     D:1: 787 daAuts
     D:3: 355 daAuts
 Abyss:1: 87 daAuts
